 Dungeon Crawl Stone Soup version 0.26-a0-835-g8259106e14 (webtiles) character file.

Game seed: 5550813932653853255

19032 strifetoe the Cleaver (level 12, -1/76 HPs)
             Began as a Gargoyle Fighter on Nov 18, 2020.
             Was a High Priest of Okawaru.
             Killed from afar by a smoke demon (22 damage)
             ... with a ball of steam
             ... on level 1 of the Abyss.
             The game lasted 00:22:50 (11539 turns).

strifetoe the Cleaver (Gargoyle Fighter)           Turns: 11539, Time: 00:22:50

Health: -1/76      AC: 35    Str: 24    XL:     12   Next: 64%
Magic:  10/12      EV: 13    Int:  7    God:    Okawaru [*****.]
Gold:   167        SH: 13    Dex: 19    Spells: 11/11 levels left

rFire    . . .     SeeInvis .   h - +1 morningstar (protect)
rCold    . . .     Faith    .   c - +1 kite shield
rNeg     + . .     Spirit   .   s - +0 plate armour
rPois    ∞         Reflect  .   x - +0 helmet
rElec    +         Harm     +   P - +2 cloak of Imperfection {+Blink}
rCorr    .         Rampage  .   i - +0 pair of gloves
MR       .....                  w - +5 pair of boots of Igirefam {Harm Int-3 Dex+4}
Stlth    ..........             g - amulet of regeneration
HPRegen  0.62/turn              q - +4 ring of evasion
MPRegen  0.13/turn              G - +6 ring of dexterity

@: liquid flames, heroism, glowing, studying Maces & Flails
A: negative energy resistance 1, electricity resistance, unbreathing,
petrification resistance, rot immunity, AC +8
a: Heroism, Finesse, Renounce Religion, Evoke Blink


You were on level 1 of the Abyss.
You worshipped Okawaru.
Okawaru was extremely pleased with you.
You visited 2 branches of the dungeon, and saw 13 of its levels.
You visited the Abyss 1 time.
You also visited: Sewer.

You collected 717 gold pieces.
You spent 550 gold pieces at shops.

Inventory:

Hand Weapons
 a - a +1 war axe
 f - the +8 executioner's axe "Sexuck" {flame, +Rage rF+ rN+}
   (You acquired it on level 10 of the Dungeon)

   It has been specially enchanted to burn those struck by it, causing extra
   injury to most foes and up to half again as much damage against particularly
   susceptible opponents.
   Big, fiery blades are also staple armaments of hydra-hunters.
   It protects you from fire.
   It protects you from negative energy.
   It lets you go berserk.
 h - a +1 morningstar of protection (weapon)
 y - a +2 hand axe of electrocution
Armour
 c - a +1 kite shield (worn)
 i - a +0 pair of gloves (worn)
 s - a +0 plate armour (worn)
 w - the +5 pair of boots of Igirefam (worn) {Harm Int-3 Dex+4}
   (You bought it in a shop on level 7 of the Dungeon)

   It affects your intelligence (-3).
   It affects your dexterity (+4).
   It increases damage dealt and taken.
 x - a +0 helmet (worn)
 P - the +2 cloak of Imperfection (worn) {+Blink}
   (You bought it in a shop on level 7 of the Dungeon)

   It lets you blink.
Jewellery
 b - an uncursed ring of magical power
 g - an amulet of regeneration (around neck)
 q - a +4 ring of evasion (left hand)
 z - an uncursed ring of magical power
 G - a +6 ring of dexterity (right hand)
 K - an uncursed ring of flight
 M - the ring of Moapean {rElec Int+4 Dex+6, unknown}
   (You found it on level 1 of the Abyss)

   [ring of dexterity]

   It affects your intelligence (+4).
   It affects your dexterity (+6).
   It insulates you from electricity.
 N - an uncursed ring of resist corrosion
Wands
 j - a wand of digging (6)
 n - a wand of flame (1)
 A - a wand of iceblast (25)
 C - a wand of paralysis (13)
 F - a wand of acid (12)
Scrolls
 o - 8 scrolls of remove curse
 H - a scroll of enchant weapon
 I - 2 scrolls of enchant armour
 L - a scroll of blinking
 O - 3 scrolls of identify
 Q - a scroll of magic mapping
Potions
 d - a potion of might
 e - 2 potions of curing
 k - 3 potions of cancellation
 l - a potion of resistance
 m - 2 potions of degeneration
 p - 5 potions of brilliance
 r - a potion of magic {unknown}
 t - 2 potions of lignification
 u - 5 potions of flight
 v - 3 potions of heal wounds {unknown}
 B - 4 potions of haste
 E - 2 potions of mutation {unknown}
 J - 3 potions of attraction {unknown}
Books
 D - a manual of Maces & Flails


   Skills:
 - Level 9.0(14.0) Fighting
 - Level 14.1(20.2) Axes
 + Level 10.9(19.3) Maces & Flails
 - Level 3.2(8.2) Armour
 - Level 3.2(8.2) Shields


You had 11 spell levels left.
You didn't know any spells.
Your spell library was empty.

Dungeon Overview and Level Annotations

Branches:
Dungeon (12/15)            Temple (1/1) D:7            Lair (0/6) D:9
    Orc (0/2) D:10          Sewer (visited)

Altars:
Ashenzari
Cheibriados
Dithmenos
Elyvilon
Fedhas
Gozag
Hepliaklqana
Kikubaaqudgha
Makhleb
Nemelex Xobeh
Okawaru
Qazlal
Ru
Sif Muna
Trog
Uskayaw
Vehumet
Wu Jian
Xom
Yredelemnul
Zin
The Shining One

Shops:
D:7 *   D:8 :

Annotations:
D:9 2 runed translucent doors
D:12 Maurice, Sonja


Innate Abilities, Weirdness & Mutations

You are resistant to torment.
Your stone body is resilient. (AC +8)
You are immune to poison.
You resist negative energy. (rN+)
You are resistant to electric shocks. (rElec)
You can survive without breathing.
You are immune to petrification.
You are immune to rotting.


Message History

You are too injured to fight recklessly!
You are too injured to fight recklessly!
You gain the combat prowess of a mighty hero.
You are covered in liquid flames!
The smoke demon gestures at you.
The sticky flame hits you but does no damage.
You are covered in liquid flames!
You are too injured to fight recklessly!
You are too injured to fight recklessly!
You are too injured to fight recklessly!
Unknown command.
You are covered in liquid flames!
* * * LOW HITPOINT WARNING * * *
Unknown command.
You feel better.
You are covered in liquid flames!
* * * LOW HITPOINT WARNING * * *
The smoke demon gestures at you. The ball of steam hits you!!
You die...

. # # # # ##. ...#
# #.##..##..# .. .
. #. .. ..#### #.#
..# # ......# #..
#.# .. . .#. ##.
### .#.# ## .#
#..#. ... # #.#.#
# #..# .#..#
..####...§ .
#..##..#.# #. ..#
. . ###..#@##
##.#..##.##
##3§§.>##.#...#..#
#....#...##....# #
##..#......##.## .
...##..##.#..##..
##. #####.##..## .
. ##. ##.###..# #.
# . .........##
#.##.. #.#.#.....
.


There were no monsters in sight!

Vanquished Creatures
  Nessos (D:12)
  Josephine (D:11)
  A large abomination (Abyss:1)
  3 unseen horrors
  2 ugly things (D:11)
  An orange demon (Abyss:1)
  A gargoyle (D:10)
  2 centaur skeletons (D:10)
  2 trolls
  3 raiju (Abyss:1)
  4 flying skulls (Abyss:1)
  6 wraiths
  A ynoxinul (Abyss:1)
  16 yaks
  Grum (D:11)
  A steam dragon (D:12)
  A warg (D:9)
  Edmund (D:6)
  Duvessa (D:4)
  2 water moccasins
  6 orc warriors
  3 ice beasts
  7 sky beasts
  2 eyes of draining
  2 phantoms
  8 ogres
  7 centaurs
  2 wolves (D:11)
  2 big kobolds
  12 bullfrogs
  A gnoll sergeant (D:9)
  Dowan (D:3)
  5 scorpions
  6 killer bees
  4 wights (D:8)
  5 small abominations (Abyss:1)
  9 howler monkeys
  6 electric eels
  2 centaur zombies
  8 hounds
  A jelly (D:7)
  11 orc priests
  A bullfrog skeleton (D:10)
  16 orc wizards
  5 iguanas
  9 worker ants
  A hound skeleton (D:7)
  13 gnolls
  A howler monkey skeleton (D:6)
  14 adders
  2 river rats
  2 shadow imps (D:8)
  4 white imps
  3 ufetubi
  An ooze (D:5)
  2 adder skeletons
  An adder zombie (D:7)
  2 worms (D:5)
  6 dart slugs
  3 leopard geckos
  60 orcs
  9 bats
  8 giant cockroaches
  7 goblins
  6 hobgoblins
  7 jackals
  4 quokkas
  5 ball pythons
  7 frilled lizards
  A jackal skeleton (D:8)
  11 kobolds
  13 rats
385 creatures vanquished.

Vanquished Creatures (others)
  2 killer bees (D:12)
  An orc wizard (D:12)
  A gnoll (D:6)
  An adder (D:12)
  10 plants
  7 starspawn tentacles (Abyss:1)
22 creatures vanquished.

Grand Total: 407 creatures vanquished

Notes
Turn   | Place    | Note
-------+----------+-------------------------------------------
     0 | D:1      | strifetoe the Gargoyle Fighter began the quest for the Orb.
     0 | D:1      | Reached XP level 1. HP: 14/14 MP: 1/1
    62 | D:1      | Reached skill level 2 in Axes
   311 | D:1      | Reached XP level 2. HP: 14/19 MP: 2/2
   659 | D:1      | Reached skill level 3 in Axes
   722 | D:1      | Reached XP level 3. HP: 22/23 MP: 3/3
  1037 | D:2      | Found a basalt altar of Yredelemnul.
  1058 | D:2      | Found a burning altar of Makhleb.
  1064 | D:2      | Reached XP level 4. HP: 26/28 MP: 4/4
  1171 | D:2      | Found an ornate altar of the Wu Jian Council.
  1300 | D:2      | Reached skill level 4 in Axes
  1552 | D:2      | Found a glowing golden altar of the Shining One.
  2073 | D:3      | Reached XP level 5. HP: 32/32 MP: 5/5
  2185 | D:3      | Found a sacrificial altar of Ru.
  2409 | D:3      | Found a stormy altar of Qazlal.
  2518 | D:3      | Found a glowing drain.
  2520 | D:3      | Reached skill level 5 in Axes
  2529 | Sewer    | Entered a sewer
  2606 | Sewer    | Noticed a big kobold
  2619 | Sewer    | Killed a big kobold
  2620 | Sewer    | Reached XP level 6. HP: 37/37 MP: 6/6
  2635 | Sewer    | Found a white marble altar of Elyvilon.
  2717 | D:3      | Found a faded altar of an unknown god.
  3045 | D:4      | Reached skill level 6 in Axes
  3105 | D:4      | Noticed Duvessa
  3145 | D:4      | Noticed Dowan
  3151 | D:4      | Killed Duvessa
  3152 | D:4      | Reached skill level 7 in Axes
  3152 | D:4      | Reached XP level 7. HP: 41/41 MP: 7/7
  3281 | D:3      | Killed Dowan
  3511 | D:4      | Reached skill level 8 in Axes
  3537 | D:4      | Reached XP level 8. HP: 46/46 MP: 8/8
  3579 | D:4      | Found a shimmering altar of Xom.
  3733 | D:5      | Entered Level 5 of the Dungeon
  3919 | D:5      | Reached skill level 9 in Axes
  4109 | D:5      | Found a glowing silver altar of Zin.
  4205 | D:5      | Found a shadowy altar of Dithmenos.
  4824 | D:6      | Reached skill level 10 in Axes
  4842 | D:6      | Reached XP level 9. HP: 47/51 MP: 9/9
  4849 | D:6      | Found a blossoming altar of Fedhas.
  5162 | D:6      | Noticed Edmund
  5194 | D:6      | Killed Edmund
  5368 | D:6      | Reached skill level 11 in Axes
  5887 | D:7      | Reached skill level 1 in Maces & Flails
  6075 | D:7      | Found an opulent altar of Gozag.
  6094 | D:7      | Found a hide-covered altar of Uskayaw.
  6162 | D:7      | Found Valuh's Assorted Antiques.
  6167 | D:7      | Bought a pair of smoking boots for 275 gold pieces
  6172 | D:7      | Identified the +5 pair of boots of Igirefam {Harm Int-3
                  | Dex+4} (You bought it in a shop on level 7 of the Dungeon)
  6188 | D:7      | Found a staircase to the Ecumenical Temple.
  6434 | D:8      | Found an opulent altar of Gozag.
  6489 | D:8      | Reached skill level 5 in Fighting
  6528 | D:8      | Reached XP level 10. HP: 59/59 MP: 0/10
  6709 | D:8      | Found Urewor's Book Shoppe.
  7305 | Temple   | Entered the Ecumenical Temple
  7345 | Temple   | Became a worshipper of Warmaster Okawaru
  7415 | D:9      | Found a staircase to the Lair.
  7422 | D:9      | Reached skill level 5 in Maces & Flails
  7461 | D:9      | Found a runed translucent door.
  7462 | D:9      | Found a runed translucent door.
  7579 | D:9      | Reached * piety under Okawaru
  7605 | D:10     | Entered Level 10 of the Dungeon
  7692 | D:10     | Reached ** piety under Okawaru
  7787 | D:10     | Reached XP level 11. HP: 69/69 MP: 11/11
  8234 | D:9      | Found a sparkling altar of Nemelex Xobeh.
  8436 | D:7      | Bought a steaming cloak for 275 gold pieces
  8446 | D:7      | Identified the +2 cloak of Imperfection {+Blink} (You
                  | bought it in a shop on level 7 of the Dungeon)
  8704 | D:10     | Reached *** piety under Okawaru
  9158 | D:10     | Killed an unseen horror
  9228 | D:10     | Found a staircase to the Orcish Mines.
  9316 | D:10     | Killed an unseen horror
  9317 | D:10     | Reached skill level 10 in Maces & Flails
  9416 | D:10     | Reached **** piety under Okawaru
  9681 | D:10     | Identified a scroll of acquirement
  9681 | D:10     | Acquired the +8 executioner's axe "Sexuck" {flame, +Rage
                  | rF+ rN+}
  9849 | D:11     | Noticed a green ugly thing
  9862 | D:11     | Killed a green ugly thing
  9884 | D:11     | Noticed a purple ugly thing
  9900 | D:11     | Killed a purple ugly thing
  9901 | D:11     | Reached skill level 12 in Axes
  9942 | D:11     | Noticed Josephine
  9958 | D:11     | Killed Josephine
  9958 | D:11     | Received a gift from Okawaru
  9988 | D:11     | Reached XP level 12. HP: 76/76 MP: 12/12
 10328 | D:11     | Noticed Grum
 10337 | D:11     | Killed Grum
 10498 | D:11     | Reached ***** piety under Okawaru
 10499 | D:11     | Reached skill level 13 in Axes
 10986 | D:12     | Noticed Maurice
 10995 | D:12     | Noticed Sonja
 11015 | D:12     | Noticed Nessos
 11049 | D:12     | Killed Nessos
 11061 | D:12     | Cast into level 1 of the Abyss (Sonja)
 11061 | Abyss:1  | Found a corrupted altar of Lugonu.
 11117 | Abyss:1  | Reached skill level 14 in Axes
 11117 | Abyss:1  | Noticed a tentacled starspawn
 11139 | Abyss:1  | Found a corrupted altar of Lugonu.
 11150 | Abyss:1  | Noticed an angel
 11218 | Abyss:1  | HP: 3/76 [chaos spawn (14)]
 11238 | Abyss:1  | Got a brightly glowing marble ring
 11381 | Abyss:1  | Acquired a manual of Maces & Flails
 11539 | Abyss:1  | Killed from afar by a smoke demon

Illustrated notes

Levels and vault maps discovered:
D:1:      dpeg_arrival_three_same_balls, layout_basic, kennysheep_boxes
D:2:      layout_rooms, lemuel_round_altar, old_standard_altar,
          yredelemnul_altar_generic, bloody_makhleb, serial_co_window_serial,
          co_window_corner_a, co_window_corner_a, co_window_paths_b,
          co_window_paths_a, co_window_paths_b, co_window_paths_b,
          co_window_paths_a, co_window_unsneaky_path_d, co_window_cross_2,
          co_window_unsneaky_path_c, co_window_broadway_a, co_window_corner_ca,
          co_window_corner_b, co_window_4corner_a, glass_columns_a,
          glass_columns_a, glass_columns_a, chequers_serial_rivers_micro_c,
          minmay_misc_feat_cross
D:3:      layout_loops_corners, overflow_temple_1_default,
          chequers_ecumenical_altar_island, portal_sewer_entry_e, minivault_11,
          hangedman_ru_absence
D:4:      layout_cave_pools, kennysheep_little_box, uniq_duvessa
D:5:      layout_loops_corners, nicolae_overflow_crystal_walls,
          nicolae_dithmenos_shadow_blocks, minmay_misc_feat_nine_boxes,
          minmay_pentangle
D:6:      layout_rooms, fedhas_altar_2, serial_bayou, serial_bayou_pond_a,
          serial_bayou_pond_d, serial_bayou_lagoon_a, serial_bayou_pond_c,
          serial_bayou_pond_b, uniq_edmund
D:7:      layout_loops_ring, kennysheep_mini, nicolae_overflow_hidden_temple,
          minmay_temple_entry_from_below_b, serial_shops, shop
D:8:      layout_loops_ring, basic_altar, serial_shops, shop,
          corexii_checkpoint_a, chequers_serial_rivers_micro_e
D:9:      lemuel_insect_pit, layout_rooms, nemelex_altar_shiori,
          lair_entry_dummy
D:10:     layout_cave_pools, erik_orc_4, chequers_big_river
D:11:     layout_loops_corners, hangedman_decor_diamond_cutter, uniq_josephine,
          uniq_grum
D:12:     layout_roguey, serial_shops, shop, kennysheep_generic_room_2,
          uniq_sonja, uniq_urug, uniq_maurice, uniq_nessos, uniq_nergalle
Temple:   cyrus_temple_forest
Abyss:1:  base: D:11, minivault_26

Skill      XL: |  1  2  3  4  5  6  7  8  9 10 11 12 |
---------------+-------------------------------------+-----
Axes           | 2 3 4 5 7 8 10 11 12 14 | 14.1
Maces & Flails | 3 7 10 | 10.9
Fighting       | 5 8 9 |  9.0
Armour         | |  3.2
Shields        | |  3.2

Action                   |  1- 3 |  4- 6 |  7- 9 | 10-12 || total
-------------------------+-------+-------+-------+-------++-------
Melee: War axe           |    82 |   192 |   362 |       ||   636
       Morningstar       |       |       |    94 |   902 ||   996
Invok: Heroism           |       |       |       |     8 ||     8
Evoke: Wand              |       |     1 |    18 |     6 ||    25
  Use: Scroll            |       |     7 |     9 |     8 ||    24
       Potion            |       |       |       |     7 ||     7
 Stab: Paralysed         |       |       |     3 |     2 ||     5
Armor: Scale mail        |    63 |    69 |       |       ||   132
       Plate armour      |       |    48 |   262 |   984 ||  1294
Dodge: Dodged            |    27 |    56 |   118 |   369 ||   570
Block: Kite shield       |    56 |   123 |   218 |   781 ||  1178

Table legend: (Time is in decaauts)
 A = Elapsed time spent in this place.
 B = Non-inter-level travel time spent in this place.
 C = Inter-level travel time spent in this place.
 D = Time resting spent in this place.
 E = Time spent auto-exploring this place.
 F = Levels seen in this place.
 G = Mean time per level.
                   A        B        C        D        E       F      G
               +--------+--------+--------+--------+--------+-----+--------+
         Total |  11752 |  10982 |    770 |    981 |   6647 |  15 |  783.5 |
       Dungeon |  11030 |  10295 |    735 |    895 |   6418 |  12 |  919.2 |
        Temple |     75 |     40 |     35 |      0 |     37 |   1 |   75.0 |
         Abyss |    463 |    463 |      0 |     86 |     74 |   1 |  463.0 |
         Sewer |    183 |    183 |      0 |      0 |    118 |   1 |  183.0 |
               +--------+--------+--------+--------+--------+-----+--------+

Top non-repeatable levels by time:
     D:2: 1081 daAuts
     D:5: 1066 daAuts
     D:9: 1063 daAuts
     D:8: 1062 daAuts
     D:7: 1029 daAuts
    D:11: 1025 daAuts
     D:1: 1022 daAuts
     D:3: 1009 daAuts
    D:10: 974 daAuts
     D:6: 787 daAuts
     D:4: 587 daAuts
 Abyss:1: 463 daAuts
    D:12: 320 daAuts
   Sewer: 183 daAuts
  Temple: 75 daAuts
